 Dungeon Crawl Stone Soup version 0.31-a0-704-g1016066182 (webtiles) character file.

Game seed: 5582967979033608061

654062 Essalna the Slayer (level 27, -3/231 HPs)
             Began as a Demonspawn Conjurer on Sept 8, 2023.
             Was the Champion of Vehumet.
             Slain by Antaeus (16 damage)
             ... on level 7 of Cocytus on Sept 9, 2023.
             The game lasted 04:42:08 (77823 turns).

Essalna the Slayer (Demonspawn Conjurer)           Turns: 77823, Time: 04:42:09

Health: -3/231     AC: 18    Str: 11    XL:     27
Magic:  5/41       EV: 16    Int: 36    God:    Vehumet [******]
Gold:   8512       SH: 17    Dex: 16    Spells: 11/54 levels left

rFire   + . .        D - +3 Elemental Staff {ele, rElec rF+ rC+ AC+3}
rCold   + . .        G - +5 kite shield {reflect}
rNeg    . . .        R - +3 troll leather armour "Gigeu" {Harm Regen+ Dex+4}
rPois   .            Q - +1 helmet {SInv}
rElec   +            L - +2 cloak {rCorr}
rCorr   +            (gloves unavailable)
SInv    +            f - +2 pair of boots
Will    +++..        H - amulet of regeneration
Stlth   ++           J - ring of Xom's Entertainment {Wiz rElec Will+ rCorr}
HPRegen 5.18/turn    o - +5 ring of evasion
MPRegen 0.27/turn

%: harm (+30% outgoing, +20% incoming), reflection, wizardry (x2)
@: very slightly contaminated, studying Maces & Flails, unable to drink
A: ignite blood 3, powered by death 3, augmentation 3, big brain 3, demonic
touch 3
}: 4/15 runes: decaying, serpentine, slimy, silver
a: Renounce Religion


You were on level 7 of Cocytus.
You worshipped Vehumet.
Vehumet was exalted by your worship.
You visited 13 branches of the dungeon, and saw 59 of its levels.
You visited the Abyss 2 times.
You also visited: Ossuary, Ice Cave and Wizlab.

You collected 11445 gold pieces.
You spent 2933 gold pieces at shops.

Inventory:

Hand Weapons
 D - the +3 Elemental Staff (weapon) {ele, rElec rF+ rC+ AC+3}
   (You acquired it on level 3 of the Snake Pit)

   AC+3:      It affects your AC (+3).
   rF+:       It protects you from fire.
   rC+:       It protects you from cold.
   rElec:     It insulates you from electricity.
 U - the +6 falchion "Wuihemn" {drain, rF++ rC+++ Str-5 Dex+2}
   (You took it off a deep elf annihilator on level 3 of the Elven Halls)

   Str-5:     It affects your strength (-5).
   Dex+2:     It affects your dexterity (+2).
   rF++:      It greatly protects you from fire.
   rC+++:     It renders you almost immune to cold.
Armour
 f - a +2 pair of boots (worn)
 y - a +0 tower shield of protection
 G - a +5 kite shield of reflection (worn)
 L - a +2 cloak of preservation (worn)
 Q - a +1 helmet of see invisible (worn)
 R - the +3 troll leather armour "Gigeu" (worn) {Harm Regen+ Dex+4}
   (You bought it in a shop on level 11 of the Dungeon)

   Dex+4:     It affects your dexterity (+4).
   Regen+:    It increases your rate of health regeneration.
   Harm:      It increases damage dealt and taken.
 V - a +1 cloak of poison resistance
Jewellery
 d - a +5 ring of evasion
 o - a +5 ring of evasion (right hand)
 p - the amulet "Xisuraim" {RegenMP rF+}
   (You bought it in a shop on level 4 of the Vaults)

   [amulet of magic regeneration]

   RegenMP:   It increases your rate of magic regeneration.
   rF+:       It protects you from fire.
 s - the amulet of Yhotzish {RegenMP *Slow rF+ SInv Stlth+}
   (You found it in a wizard's laboratory)

   [amulet of magic regeneration]

   RegenMP:   It increases your rate of magic regeneration.
   rF+:       It protects you from fire.
   SInv:      It lets you see invisible.
   *Slow:     It may slow you when you take damage.
   Stlth+:    It makes you more stealthy.
 v - a ring of protection from cold
 H - an amulet of regeneration (around neck)
 J - the ring of Xom's Entertainment (left hand) {Wiz rElec Will+ rCorr}
   (You found it on level 5 of the Pits of Slime)

   [ring of wizardry]

   Wiz:       It improves your spell success rate.
   rElec:     It insulates you from electricity.
   Will+:     It increases your willpower.
   rCorr:     It protects you from acid and corrosion.
 S - a ring of positive energy
 T - the ring "Qucsuoth" {rPois Int+3}
   (You found it on level 5 of the Vaults)

   [ring of poison resistance]

   Int+3:     It affects your intelligence (+3).
   rPois:     It protects you from poison
 W - a ring of protection from fire
Talismans
 g - a talisman of death
Wands
 c - a wand of roots (91)
 m - a wand of acid (34)
 K - a wand of flame (12)
Scrolls
 a - 2 scrolls of butterflies
 e - 7 scrolls of fog
 i - 7 scrolls of fear
 k - 4 scrolls of noise
 l - a scroll of brand weapon
 A - 9 scrolls of vulnerability
 B - 11 scrolls of revelation
 E - 6 scrolls of amnesia
 I - 3 scrolls of blinking
 M - 2 scrolls of enchant armour
 N - 9 scrolls of poison
 O - 8 scrolls of enchant weapon
 Y - 20 scrolls of teleportation
Potions
 b - 6 potions of resistance
 h - 8 potions of ambrosia
 n - 11 potions of heal wounds
 q - 20 potions of curing
 r - 4 potions of magic
 t - 24 potions of mutation
 u - 2 potions of haste
 w - 3 potions of brilliance
 x - 9 potions of might
 z - 6 potions of invisibility
 C - 13 potions of attraction
 F - 4 potions of cancellation
 P - 5 potions of degeneration
 X - 11 potions of enlightenment
 Z - 7 potions of lignification


   Skills:
 - Level 22.2 Fighting
 - Level 4.0 Armour
 - Level 4.0 Dodging
 - Level 2.4 Stealth
 - Level 10.1 Shields
 - Level 14.4 Spellcasting
 - Level 19.6 Conjurations
 - Level 4.0 Hexes
 - Level 8.0 Necromancy
 - Level 19.7 Fire Magic
 - Level 22.0 Ice Magic
 + Level 17.1 Shapeshifting


You had 11 spell levels left.
You knew the following spells:

 Your Spells              Type           Power      Damage    Failure   Level
a - Magic Dart            Conj           100%       1d8       0%          1
b - Searing Ray           Conj           100%       2d8       0%          2
c - Ignition              Fire           64%        3d17      1%          8
d - Fireball              Conj/Fire      64%        3d24      1%          5
e - Sublimation of Blood  Necr           70%        N/A       1%          2
f - Orb of Destruction    Conj           53%        9d13      1%          7
g - Polar Vortex          Ice            67%        12d9*     8%          9
h - Fire Storm            Conj/Fire      64%        8d16      17%         9

Your spell library contained the following spells:

 Spells                   Type           Power      Damage    Failure   Level
 Lehudib's Crystal Spear  Conj/Erth      49%        10d12     47%         8
 Foxfire                  Conj/Fire      100%       2x1d9     0%          1
 Freeze                   Ice            100%       1d10      0%          1
 Scorch                   Fire           100%       2d9       0%          2
 Frozen Ramparts          Ice            100%       1d16      0%          3
 Hailstorm                Conj/Ice       100%       3d20      0%          3
 Ozocubu's Armour         Ice            100%       N/A       0%          3
 Flame Wave               Conj/Fire      100%       2d21      0%          4
 Apportation              Tloc           52%        N/A       1%          1
 Necrotise                Necr           100%       1d9       1%          1
 Sting                    Tmut/Pois      100%       1d8       1%          1
 Summon Small Mammal      Summ           100%       N/A       1%          1
 Cigotuvi's Dreadful Rot  Necr/Pois/Air  100%       N/A       1%          2
 Ensorcelled Hibernation  Hex/Ice        100%       N/A       1%          2
 Jinxbite                 Hex            100%       N/A       1%          2
 Momentum Strike          Conj/Tloc      100%       3d10      1%          2
 Static Discharge         Conj/Air       100%       2-7/arc   1%          2
 Dazzling Flash           Conj/Hex       100%       N/A       1%          3
 Ignite Poison            Fire/Tmut/Pois 84%        N/A       1%          3
 Mephitic Cloud           Conj/Pois/Air  83%        N/A       1%          3
 Sigil of Binding         Hex            53%        N/A       1%          3
 Stone Arrow              Conj/Erth      100%       3d13      1%          3
 Summon Guardian Golem    Hex/Summ       40%        N/A       1%          3
 Tukima's Dance           Hex            53%        N/A       1%          3
 Vampiric Draining        Necr           70%        2d11      1%          3
 Anguish                  Hex/Necr       31%        N/A       1%          4
 Animate Dead             Necr           70%        N/A       1%          4
 Fulminant Prism          Conj/Hex       42%        3d19      1%          4
 Iskenderun's Mystic Bla  Conj/Tloc      77%        2d15      1%          4
 Agony                    Necr           70%        N/A       1%          5
 Arcjolt                  Conj/Air       49%        1d59      1%          5
 Freezing Cloud           Conj/Ice/Air   68%        6-21      1%          5
 Irradiate                Conj/Tmut      38%        3d24      1%          5
 Iskenderun's Battlesphe  Conj           100%       2d15      1%          5
 Metabolic Englaciation   Hex/Ice        54%        N/A       1%          5
 Conjure Ball Lightning   Conj/Air       49%        3x3d17    1%          6
 Plasma Beam              Fire/Air       60%        2x1d76    1%          6
 Simulacrum               Ice/Necr       58%        N/A       1%          6
 Starburst                Conj/Fire      64%        6d17      1%          6
 Ozocubu's Refrigeration  Ice            67%        4d22      1%          7
 Call Imp                 Summ           52%        N/A       2%          2
 Lesser Beckoning         Tloc           52%        N/A       2%          2
 Passwall                 Tmut/Erth      32%        N/A       2%          2
 Wereblood                Tmut           26%        N/A       2%          2
 Cause Fear               Hex            26%        N/A       2%          4
 Call Canine Familiar     Summ           26%        N/A       4%          3
 Gell's Gravitas          Tloc           26%        N/A       4%          3
 Teleport Other           Tloc           26%        N/A       4%          3
 Airstrike                Air            19%        2d(3-19)  6%          4
 Dimensional Bullseye     Hex/Tloc       20%        N/A       6%          4
 Leda's Liquefaction      Hex/Erth       28%        N/A       6%          4
 Borgnjor's Vile Clutch   Necr/Erth      35%        N/A       8%          5
 Death Channel            Necr           35%        N/A       9%          6
 Spellforged Servitor     Conj/Summ      38%        N/A       9%          7
 Petrify                  Tmut/Erth      39%        N/A       13%         4
 Vhi's Electric Charge    Tloc/Air       78%        N/A       13%         4
 Silence                  Hex/Air        28%        N/A       17%         5
 Alistair's Intoxication  Tmut/Pois      17%        N/A       34%         5
 Summon Cactus Giant      Summ           13%        N/A       86%         6
 Haunt                    Necr/Summ      26%        N/A       88%         7
 Infestation              Necr           35%        N/A       95%         8
 Chain Lightning          Conj/Air       49%        3d65      99%         9
 Summon Hydra             Summ           13%        N/A       100%        7
 Maxwell's Capacitive Co  Air            19%        ∞         100%        8
 Dragon's Call            Summ           13%        N/A       100%        9


Dungeon Overview and Level Annotations

Branches:
Dungeon (15/15)            Temple (1/1) D:5            Lair (5/5) D:10
  Swamp (4/4) Lair:3        Snake (4/4) Lair:3        Slime (5/5) Lair:4
    Orc (2/2) D:10            Elf (3/3) Orc:2        Vaults (5/5) D:13
  Crypt (3/3) Vaults:3       Tomb (0/3) Crypt:3      Depths (4/4) D:15
   Hell (visited)             Dis (0/7) Hell            Geh (0/7) Hell
    Coc (7/7) Hell            Tar (0/7) Hell            Zot (0/5) Depths:4
Ossuary (visited)           IceCv (visited)          WizLab (visited)

Altars:
Ashenzari
Cheibriados
Dithmenos
Fedhas
Gozag
Hepliaklqana
Kikubaaqudgha
Makhleb
Nemelex Xobeh
Okawaru
Qazlal
Ru
Sif Muna
Trog
Uskayaw
Vehumet
Wu Jian
Xom
Yredelemnul
Jiyva

Shops:
D:6 *   D:11 (*[=   Orc:1 =   Orc:2 ?=[(   Elf:1 [   Elf:3 :   Snake:3 (([=?=??
Snake:4 *   Vaults:1 [   Vaults:2 :   Vaults:3 :   Vaults:4 =   Vaults:5 =!
Depths:3 [([

Portals:
Hell: Depths:1 Depths:2 Depths:3 Depths:4
Abyss: Depths:1 Depths:3 Depths:4

Annotations:
D:4 1 runed translucent door, schaIuck's ghost, amateur GrEE
Snake:2 Asterion
Elf:1 1 runed translucent door, exclusion: deep elf archer
Coc:7 Antaeus


Innate Abilities, Weirdness & Mutations

Your demonic aura causes all spilled blood to erupt in flames.
You regenerate a lot of health from kills.
Your magical and physical power is greatly enhanced at high health.
You have an absolutely massive brain. (Int +6, Wiz)
Your touch may irresistibly damage your foes and sap their willpower.


Message History

Your butterfly is engulfed in blazing flames.
You kill your butterfly!
Your butterfly disappears in a burst of colours!
Antaeus is engulfed in blazing flames.
Antaeus hits you!!! Antaeus freezes you!! You resist.
Antaeus closely misses you. Antaeus gestures at you.
The icy flash freeze misses you.
The icy flash freeze hits your butterfly!
Your butterfly dies!
Your butterfly disappears in a burst of colours!
Your butterfly is engulfed in blazing flames.
You kill your butterfly!
Your butterfly disappears in a burst of colours!
Casting: Orb of Destruction (mildly dangerous; 1% risk of failure)
Confirm with . or Enter, or press ? or * to list all spells.
Aiming: Fire Storm (dangerous; 17% risk of failure)
Press: ? - help, Dir - move target, p - Antaeus You feel a surge of power!
You miscast Fire Storm.
You are very lightly contaminated with residual magic.
Sparks fly from your hands!!
* * * LOW HITPOINT WARNING * * *
Your butterfly is engulfed in blazing flames.
You kill your butterfly!
Your butterfly disappears in a burst of colours!
Antaeus is engulfed in blazing flames.
Antaeus attacks as he pursues you! Antaeus misses you.
You block Antaeus's attack.
Casting: Fire Storm (dangerous; 17% risk of failure)
Confirm with . or Enter, or press ? or * to list all spells.
You draw magical energy from your own body!
Antaeus hits you!
* * * LOW HITPOINT WARNING * * *
Antaeus freezes you!! You resist.
* * * LOW HITPOINT WARNING * * *
Antaeus hits you!
* * * LOW HITPOINT WARNING * * *
Antaeus freezes you! You resist.
You die...
Antaeus says, "Your soul will be trapped in ice for ten thousand years."

..§≈≈≈##
#≈≈≈≈≈. '
#..≈≈≈#
#≈≈≈≈.. #..≈≈#
#≈≈≈≈.. #..≈≈#
#≈≈≈≈.. #..≈≈#
#≈≈≈≈~. ..
#○.≈≈# #≈≈≈≈~~
..# ##○○≈≈#
##≈≈≈≈~~
≈..#####C☼≈≈≈#
#≈≈≈≈≈~~
≈≈.....@..≈≈≈#
#≈≈≈≈≈~~
≈≈≈......≈b≈##
##≈≈≈≈≈~~
≈≈≈≈...○≈≈b≈#
#≈≈≈≈≈≈~~
≈≈≈≈....b≈≈≈#
#≈≈≈≈≈~..
≈≈≈≈....b≈≈≈#
#≈≈≈≈≈.^.
≈≈≈≈.....≈≈≈#
#≈≈≈≈≈...
≈≈≈≈b....≈≈≈#
#≈≈≈≈≈...
≈≈≈≈≈....≈≈≈#
#≈≈≈≈≈...
≈≈≈≈≈....≈≈≈#
##≈≈≈≈.~≈


You could see Antaeus (ally target).

Vanquished Creatures
  the Royal Jelly (Slime:5)
  2 dread liches
  2 ancient liches
  Mara (Vaults:2)
  30 shard shrikes
  the Lernaean hydra (Swamp:4)
  Xtahua (Vaults:5)
  Margery (Depths:4)
  Geryon (Hell)
  6 golden dragons
  A profane servitor (Crypt:2)
  A mutant beast (WizLab)
  5 bone dragons
  A spectral shard shrike (Coc:6)
  4 tentacled monstrosities
  19 Ice Fiends
  2 quicksilver dragons
  10 liches
  4 deep elf master archers (Elf:3)
  9 titans
  25 acid blobs
  6 ancient champions
  4 deep elf blademasters
  3 sphinxes
  Gastronok (Lair:1)
  11 tentacled starspawn (Abyss:2)
  Kirke (D:14)
  A thorn hunter (Swamp:2)
  Agnes (Snake:4)
  3 shadow dragons (Vaults:5)
  A fenstrider witch (Swamp:2)
  4 tengu reavers
  14 narguns
  6 storm dragons
  4 nagarajas (Snake:4)
  Donald (Swamp:4)
  3 revenants
  Aizul (Snake:4)
  9 rockslimes
  11 azure jellies
  8 frost giants
  8 deep elf sorcerers
  3 draconian knights (Depths:4)
  2 fire giants
  A caustic shrike zombie (Hell)
  26 vault wardens
  2 iron dragons (Vaults:5)
  A balrug (Abyss:2)
  7 deep elf elementalists (Elf:3)
  4 curse skulls
  4 shard shrike simulacra
  2 ghouls (Crypt:2)
  4 orc warlords
  An angel (Abyss:2)
  5 reapers
  13 ironbound preservers
  6 formless jellyfish
  12 quicksilver oozes
  16 very ugly things
  9 ironbound thunderhulks
  22 stone giants
  8 vampire knights
  9 war gargoyles
  9 eleionomae
  2 green draconians (Depths:4)
  18 elemental wellsprings
  7 deep elf demonologists
  12 wendigos
  6 bunyips
  9 deep elf annihilators
  A lorocyproca (Abyss:2)
  2 black draconians
  3 dire elephants (Vaults:3)
  A yellow draconian (Depths:4)
  3 spark wasps (Depths:4)
  6 eidola
  4 blizzard demons
  8 deep elf death magi
  5 fire dragons
  13 ettins
  The ghost of Kiciri the Destroyer, a journeyman GnCj of Vehumet (Orc:2)
  4 crystal guardians
  12 jiangshi
  4 ice dragons
  An entropy weaver (Vaults:1)
  8 deep elf high priests
  A quicksilver dragon zombie (Crypt:3)
  11 great orbs of eyes
  18 yaktaur captains
  40 vault guards
  An anaconda (shapeshifter) (WizLab)
  4 salamander tyrants (Snake:4)
  5 rakshasas
  3 peacekeepers
  4 hell beasts
  2 sphinx zombies (Hell)
  3 juggernaut simulacra
  4 ogre magi
  12 centaur warriors
  20 hydras
  15 caustic shrike simulacra
  16 two-headed ogres
  5 ironbound frosthearts
  A fenstrider witch skeleton (Crypt:3)
  A jorogumo (shapeshifter) (Depths:1)
  2 spriggan air magi
  3 ghost crabs
  8 boulder beetles
  3 death knights
  2 satyrs (shapeshifter)
  7 anacondas
  36 dancing weapons
  8 tengu warriors
  12 naga warriors
  A spriggan skeleton (Crypt:3)
  7 alligators
  17 death yaks
  10 vampire magi
  6 deep troll shamans
  5 orc high priests (Orc:2)
  4 deep troll earth magi
  A quicksilver ooze zombie (Crypt:1)
  A shock serpent (shapeshifter) (WizLab)
  4 hell hogs
  A demonic crawler (Abyss:2)
  25 hell knights
  4 spriggan berserkers
  13 naga sharpshooters
  8 shock serpents
  10 thrashing horrors (Abyss:2)
  9 soul eaters
  16 sun demons
  A storm dragon zombie (Hell)
  9 wretched stars (Abyss:2)
  21 deep elf knights
  A titan skeleton (Abyss:2)
  2 skysharks (Lair:5)
  2 salamander mystics (Snake:4)
  A sixfirhy (Abyss:2)
  31 skeletal warriors
  8 iron trolls
  7 shadow wraiths
  A deep troll (shapeshifter) (WizLab)
  A spatial maelstrom (Abyss:2)
  4 bog bodies
  An orb spider (Abyss:2)
  A fire crab (shapeshifter) (WizLab)
  An anaconda zombie (Crypt:3)
  2 quicksilver dragon simulacra
  15 deep elf archers
  33 deep trolls
  5 spriggan druids
  2 tengu zombies (Hell)
  5 goliath frogs
  5 flayed ghosts
  A bunyip skeleton (Crypt:3)
  A naga ritualist (Snake:3)
  An obsidian statue (IceCv)
  14 phantasmal warriors
  12 swamp dragons
  2 glowing orange brains
  18 orc knights
  4 lindwurms
  A lindwurm (shapeshifter) (WizLab)
  33 deep elf pyromancers
  12 wizards
  9 ironbound convokers
  9 harpies
  16 spriggan simulacra
  A harpy (shapeshifter) (WizLab)
  4 mana vipers
  8 necromancers
  A mana viper (shapeshifter) (Vaults:5)
  4 manticores
  16 starcursed masses (Abyss:2)
  A frost giant zombie (Hell)
  30 deep elf zephyrmancers
  5 orc sorcerers
  7 shining eyes
  3 cyclopes
  35 ugly things
  5 stone giant zombies (Hell)
  An eleionoma zombie (Crypt:1)
  3 fauns (shapeshifter)
  3 will-o-the-wisps
  A fire giant zombie (Hell)
  A dire elephant zombie (Hell)
  A salamander (shapeshifter) (Elf:3)
  A worldbinder (Abyss:2)
  2 ice statues (Swamp:3)
  6 salamanders
  9 elephants
  14 guardian serpents
  2 iron dragon skeletons
  17 vault sentinels
  Joseph (D:13)
  A rust devil (Abyss:2)
  An eye of devastation (shapeshifter) (WizLab)
  18 naga magi
  A moth of wrath (shapeshifter) (Vaults:5)
  2 eyes of devastation
  Maurice (D:8)
  3 molten gargoyles (Hell)
  A black mamba (shapeshifter) (WizLab)
  17 black mambas
  19 cane toads
  2 apocalypse crabs (Abyss:2)
  A storm dragon simulacrum (Coc:1)
  A dire elephant skeleton (Crypt:3)
  A torpor snail (shapeshifter) (Vaults:5)
  8 gargoyles
  2 unseen horrors (shapeshifter)
  An alligator snapping turtle zombie (Coc:6)
  20 smoke demons
  4 orange demons
  5 titan simulacra
  An elephant slug zombie (Crypt:2)
  2 cane toads (shapeshifter) (WizLab)
  14 yaktaurs
  8 tormentors
  2 unseen horrors
  12 hellions
  2 rime drakes (shapeshifter) (WizLab)
  4 efreet
  13 komodo dragons
  2 yaktaurs (shapeshifter)
  7 ancient zymes (Abyss:2)
  A bunyip simulacrum (Coc:1)
  3 kobold demonologists
  A rime drake (Lair:3)
  9 ice devils
  17 freezing wraiths
  An iron troll zombie (Crypt:1)
  4 tengu conjurers
  3 anaconda simulacra
  A harpy zombie (Abyss:2)
  3 iron giant simulacra
  An unseen horror skeleton (D:9)
  3 golden dragon simulacra (IceCv)
  3 red devils
  A hydra zombie (Crypt:1)
  3 bloated husks (Swamp:1)
  2 meliai (shapeshifter)
  11 tyrant leeches
  2 wind drakes (shapeshifter) (WizLab)
  A raiju (shapeshifter) (WizLab)
  A wolf spider simulacrum (D:15)
  11 trolls
  A shadow dragon simulacrum (Hell)
  6 raiju (Abyss:2)
  2 alligator simulacra (IceCv)
  A hellwing (Abyss:2)
  10 hornets
  2 hornets (shapeshifter) (WizLab)
  5 dream sheep (Lair:3)
  A moth of wrath zombie (Crypt:1)
  4 iron dragon simulacra
  33 blink frogs
  A dream sheep (shapeshifter) (D:13)
  An ettin zombie (Hell)
  2 stone giant simulacra (Coc:1)
  114 slime creatures
  A jumping spider (shapeshifter) (WizLab)
  13 spriggans
  5 shadows
  5 air elementals
  2 culicivoras (shapeshifter) (WizLab)
  2 fire bats (Abyss:2)
  12 wraiths
  A yak (shapeshifter) (WizLab)
  9 vampires
  5 ynoxinuls (Abyss:2)
  5 dire elephant simulacra
  4 hogs (D:14)
  64 yaks
  23 small abominations
  4 fire elementals
  7 water elementals
  4 wyverns
  13 golden eyes
  2 hogs (shapeshifter)
  9 minotaur simulacra (IceCv)
  2 basilisks
  A human simulacrum (Vaults:4)
  4 neqoxecs (Abyss:2)
  24 large abominations
  2 steam dragons (D:10)
  2 chaos spawn (Abyss:2)
  16 vampire mosquitoes
  Menkaure (D:4)
  An iron golem (WizLab)
  A glowing shapeshifter zombie (Vaults:4)
  A naga (shapeshifter) (WizLab)
  A warg (shapeshifter) (WizLab)
  14 swamp worms
  18 harpy simulacra
  5 spatial vortices (Abyss:2)
  5 wargs (Orc:1)
  6 hydra simulacra
  An acid dragon (D:11)
  36 nagas
  14 water moccasins
  A water nymph zombie (Crypt:2)
  A floating eye (shapeshifter) (Depths:4)
  3 swamp drakes (Swamp:4)
  4 floating eyes (WizLab)
  2 naga skeletons
  A lindwurm zombie (Crypt:1)
  24 orc warriors
  6 ogres
  An ettin simulacrum (Coc:2)
  A fire dragon simulacrum (Coc:1)
  3 black bears
  An ice beast (shapeshifter) (WizLab)
  An ice dragon simulacrum (Hell)
  2 ice beasts
  5 boggarts
  5 sky beasts
  6 centaurs
  19 wolves
  A blink frog skeleton (Crypt:1)
  A phantom (D:5)
  A rime drake zombie (Crypt:2)
  3 kobold brigands
  A komodo dragon zombie (Crypt:2)
  16 bullfrogs
  2 necrophages (D:4)
  3 gnoll sergeants
  7 deep troll simulacra (IceCv)
  A rime drake skeleton (Crypt:1)
  A spectral wyvern (D:9)
  5 earth elementals
  A scorpion (shapeshifter) (WizLab)
  6 water moccasin zombies (Ossuary)
  2 naga simulacra (Coc:7)
  3 scorpions
  10 wights
  7 spriggan zombies
  14 killer bees
  2 lindwurm simulacra (IceCv)
  A troll zombie (Crypt:2)
  A swamp dragon simulacrum (Hell)
  3 electric eels
  4 howler monkeys
  A crimson imp (Depths:1)
  A bullfrog zombie (D:4)
  4 centaur zombies
  4 quasits
  3 centaur skeletons
  5 hounds
  2 jellies
  A gnoll bouda (D:7)
  32 orc priests
  2 iron imps (Abyss:2)
  Terence (D:2)
  2 human zombies
  A scorpion zombie (D:4)
  35 orc wizards
  5 iguanas
  5 hell rats (Hell)
  A deep dwarf zombie (Crypt:2)
  5 mummies
  A boggart simulacrum (D:15)
  A howler monkey zombie (D:9)
  12 gnolls
  9 adders
  A shadow imp (D:5)
  4 white imps
  7 ufetubi
  4 adder zombies
  A dart slug (D:1)
  100 orcs
  4 endoplasms
  2 giant cockroaches (D:4)
  4 gnoll zombies (Ossuary)
  5 goblins
  7 hobgoblins
  3 jackals (D:4)
  2 quokkas (D:5)
  5 ball pythons
  4 bats
  2 frilled lizards (D:1)
  A goblin zombie (D:6)
  6 hobgoblin zombies
  A jackal zombie (D:4)
  15 kobolds
  A kobold skeleton (Crypt:2)
  2 kobold zombies (Ossuary)
  An orc zombie (Ossuary)
  A rat (D:1)
  A rat skeleton (Crypt:2)
  4 fire vortices (Abyss:2)
  A fulminant prism (D:8)
  2 lurking horrors (Abyss:2)
  2 starspawn tentacles (Abyss:2)
2681 creatures vanquished.

Vanquished Creatures (others)
  A human (D:14)
  A kobold brigand (D:10)
  11 fire vortices
  46 fulminant prisms
  12 starspawn tentacles (Abyss:2)
71 creatures vanquished.

Grand Total: 2752 creatures vanquished

Notes
Turn   | Place    | Note
-------+----------+-------------------------------------------
     0 | D:1      | Essalna the Demonspawn Conjurer began the quest for the
                  | Orb.
     0 | D:1      | Reached XP level 1. HP: 13/13 MP: 3/3
   514 | D:1      | Gained mutation: Your demonic aura sometimes causes spilled
                  | blood to erupt in flames. [demonic ancestry]
   514 | D:1      | Reached XP level 2. HP: 19/19 MP: 0/5
  1075 | D:2      | Gained mutation: You regenerate a little health from kills.
                  | [demonic ancestry]
  1075 | D:2      | Reached XP level 3. HP: 24/24 MP: 4/7
  1121 | D:2      | Learned a level 2 spell: Searing Ray
  1299 | D:2      | Found a broken altar of Ashenzari.
  1683 | D:2      | Noticed Terence
  1897 | D:2      | Killed Terence
  2273 | D:3      | Reached XP level 4. HP: 30/30 MP: 1/8
  2336 | D:3      | Reached skill level 5 in Conjurations
  2756 | D:3      | Found a burning altar of Makhleb.
  2759 | D:3      | Noticed an angel
  2761 | D:3      | Noticed a cacodemon
  2994 | D:3      | Found a shadowy altar of Dithmenos.
  3163 | D:4      | Identified the ring of Hepliaklqana's Wrath {rN+ Str+2}
  3170 | D:4      | Found a runed translucent door.
  3170 | D:4      | Noticed schaIuck's ghost (amateur GrEE)
  3380 | D:4      | Gained mutation: Your demonic aura often causes spilled
                  | blood to erupt in flames. [demonic ancestry]
  3380 | D:4      | Reached XP level 5. HP: 35/35 MP: 5/10
  3507 | D:4      | Found an iron altar of Okawaru.
  3890 | D:4      | Gained mutation: You have an unusually large brain. (Int
                  | +2) [demonic ancestry]
  3890 | D:4      | Reached XP level 6. HP: 41/41 MP: 5/12
  4207 | D:4      | Reached skill level 5 in Spellcasting
  4244 | D:4      | Found an ancient bone altar of Kikubaaqudgha.
  4316 | D:4      | Reached skill level 1 in Fighting
  4316 | D:4      | Reached XP level 7. HP: 47/48 MP: 2/14
  4553 | D:4      | Noticed Menkaure
  4571 | D:4      | Killed Menkaure
  5117 | D:5      | Entered Level 5 of the Dungeon
  5327 | D:5      | Learned a level 4 spell: Fulminant Prism
  5467 | D:5      | Reached skill level 1 in Hexes
  5467 | D:5      | Gained mutation: You have an extremely huge brain. (Int +4)
                  | [demonic ancestry]
  5467 | D:5      | Reached XP level 8. HP: 60/60 MP: 9/15
  5479 | D:5      | Found a staircase to the Ecumenical Temple.
  5486 | Temple   | Entered the Ecumenical Temple
  6649 | D:6      | Reached skill level 5 in Fighting
  6722 | D:6      | Found Vouk's General Store.
  6881 | D:6      | Found a sand-covered staircase.
  6888 | Ossuary  | Entered an ossuary
  7155 | Ossuary  | Reached XP level 9. HP: 61/68 MP: 11/16
  7260 | Ossuary  | Reached skill level 1 in Armour
  9025 | D:7      | Learned a level 5 spell: Fireball
  9373 | D:8      | Found a sparkling altar of Nemelex Xobeh.
  9385 | D:8      | Noticed a gargoyle
  9436 | D:8      | Reached skill level 1 in Fire Magic
  9694 | D:8      | Reached XP level 10. HP: 79/79 MP: 12/17
  9788 | D:8      | Killed a gargoyle
 10007 | D:8      | Noticed a two-headed ogre
 10048 | D:8      | Found an ornate altar of the Wu Jian Council.
 10125 | D:8      | Noticed Maurice
 10619 | D:8      | Found a hazy altar of Hepliaklqana.
 10626 | D:8      | Killed Maurice
 10627 | D:8      | Reached skill level 10 in Conjurations
 10844 | D:8      | Killed a two-headed ogre
 10998 | D:8      | Found a shimmering blue altar of Sif Muna.
 11299 | D:9      | Noticed a soul eater
 11690 | D:9      | Noticed a smoke demon
 12157 | D:9      | Noticed an orange demon
 12219 | D:9      | Killed an orange demon
 12910 | D:9      | Gained mutation: Your touch may inflict minor irresistible
                  | damage on your foes. [demonic ancestry]
 12910 | D:9      | Reached XP level 11. HP: 87/87 MP: 7/18
 13119 | D:9      | Reached skill level 5 in Fire Magic
 13278 | D:10     | Entered Level 10 of the Dungeon
 13287 | D:10     | Noticed a death yak
 13752 | D:10     | Noticed a two-headed ogre
 13752 | D:10     | Noticed a two-headed ogre
 13760 | D:10     | Killed a two-headed ogre
 13762 | D:10     | Killed a two-headed ogre
 13858 | D:10     | Noticed a two-headed ogre
 13858 | D:10     | Noticed a centaur warrior
 13865 | D:10     | Killed a centaur warrior
 13875 | D:10     | Killed a two-headed ogre
 13997 | D:10     | Noticed a two-headed ogre
 13997 | D:10     | Noticed a two-headed ogre
 14002 | D:10     | Killed a two-headed ogre
 14003 | D:10     | Reached skill level 10 in Fighting
 14005 | D:10     | Killed a two-headed ogre
 14392 | D:10     | Found a broken altar of Ashenzari.
 14412 | D:10     | Noticed a death yak
 14412 | D:10     | Noticed a death yak
 14506 | D:10     | Noticed a death yak
 14507 | D:10     | Noticed a death yak
 14529 | D:10     | Noticed a sixfirhy
 14574 | D:11     | Noticed a green ugly thing
 14794 | D:11     | Noticed a two-headed ogre
 14803 | D:11     | Killed a two-headed ogre
 14865 | D:11     | Killed a green ugly thing
 14866 | D:11     | Gained mutation: Your touch may inflict irresistible damage
                  | on your foes. [demonic ancestry]
 14866 | D:11     | Reached XP level 12. HP: 99/99 MP: 2/19
 15272 | D:11     | Found Uguwoc's Jewellery Shop.
 15319 | D:11     | Found Duim's Antique Armour Shoppe.
 15324 | D:11     | Bought a steaming troll leather armour for 500 gold pieces
 15324 | D:11     | Identified the +3 troll leather armour "Gigeu" {Harm Regen+
                  | Dex+4} (You bought it in a shop on level 11 of the Dungeon)
 15350 | D:11     | Found Domedas's General Store.
 15653 | D:11     | Found Pouh's Antique Weapon Shop.
 17602 | D:12     | Noticed a boulder beetle
 17646 | D:12     | Killed a boulder beetle
 17959 | D:12     | Noticed an ogre mage
 17980 | D:12     | Killed an ogre mage
 17981 | D:12     | Reached skill level 10 in Fire Magic
 18153 | D:12     | Identified the +6 war axe of Parts Unknown {heavy, Contam
                  | rElec rCorr}
 18296 | D:12     | Noticed a four-headed hydra
 18298 | D:12     | Noticed an ogre mage
 18299 | D:12     | Killed a four-headed hydra
 18300 | D:12     | Reached skill level 1 in Shields
 18302 | D:12     | Gained mutation: You regenerate health from kills. [demonic
                  | ancestry]
 18302 | D:12     | Reached XP level 13. HP: 90/109 MP: 12/20
 19442 | D:13     | Noticed Joseph
 19458 | D:13     | Killed Joseph
 19674 | D:10     | Found a radiant altar of Vehumet.
 19678 | D:10     | Found a bloodstained altar of Trog.
 19679 | D:10     | Found a basalt altar of Yredelemnul.
 19684 | D:10     | Became a worshipper of Vehumet
 19873 | D:10     | Found a staircase to the Orcish Mines.
 19873 | D:10     | Found a staircase to the Lair.
 19883 | Lair:1   | Entered Level 1 of the Lair of Beasts
 20127 | Lair:1   | Noticed Gastronok
 20149 | Lair:1   | Reached * piety under Vehumet
 20149 | Lair:1   | Offered knowledge of Shock by Vehumet.
 20487 | Lair:1   | Killed Gastronok
 20782 | Lair:1   | Learned a level 2 spell: Sublimation of Blood
 20982 | Lair:1   | Reached skill level 1 in Necromancy
 22490 | Lair:3   | Found a staircase to the Snake Pit.
 22498 | Lair:3   | Offered knowledge of Sandblast by Vehumet.
 22499 | Lair:3   | Reached ** piety under Vehumet
 23222 | Lair:3   | Gained mutation: Your demonic aura causes all spilled blood
                  | to erupt in flames. [demonic ancestry]
 23222 | Lair:3   | Reached XP level 14. HP: 121/121 MP: 13/21
 23325 | Lair:3   | Found a staircase to the Swamp.
 23330 | Lair:3   | Offered knowledge of Momentum Strike by Vehumet.
 23793 | Lair:3   | Reached skill level 5 in Necromancy
 24373 | Lair:4   | Reached *** piety under Vehumet
 24527 | Lair:4   | Offered knowledge of Flame Wave by Vehumet.
 24731 | Lair:4   | Found a staircase to the Slime Pits.
 24731 | Lair:4   | Found a viscous altar of Jiyva.
 24805 | Lair:4   | Reached skill level 15 in Fighting
 24991 | Lair:4   | Reached **** piety under Vehumet
 25705 | Lair:5   | Entered Level 5 of the Lair of Beasts
 25718 | Lair:5   | Offered knowledge of Sticky Flame by Vehumet.
 26311 | Lair:5   | Reached ***** piety under Vehumet
 26311 | Lair:5   | Offered knowledge of Plasma Beam by Vehumet.
 26560 | Lair:5   | Gained mutation: Your magical and physical power is
                  | slightly enhanced at high health. [demonic ancestry]
 26560 | Lair:5   | Reached XP level 15. HP: 131/131 MP: 19/22
 27799 | Orc:1    | Entered Level 1 of the Orcish Mines
 28002 | Orc:2    | Entered Level 2 of the Orcish Mines
 28002 | Orc:2    | Found a staircase to the Elven Halls.
 28428 | Orc:2    | Found a runed translucent door.
 28428 | Orc:2    | Noticed Kiciri's ghost (journeyman GnCj)
 28442 | Orc:2    | Offered knowledge of Conjure Ball Lightning by Vehumet.
 28835 | Orc:2    | Found Ruyzud's Antique Armour Emporium.
 28835 | Orc:2    | Found Feile's Antique Weapon Emporium.
 28836 | Orc:2    | Found Qad Fiut's Jewellery Shoppe.
 28840 | Orc:2    | Found Cuceeluf's Magic Scroll Shoppe.
 28846 | Orc:2    | Bought a scroll of butterflies for 60 gold pieces
 29600 | Orc:1    | Found Hueduis's Jewellery Shop.
 29891 | Elf:1    | Entered Level 1 of the Elven Halls
 30295 | Snake:1  | Entered Level 1 of the Snake Pit
 30529 | Snake:1  | Offered knowledge of Orb of Destruction by Vehumet.
 30547 | Snake:1  | Learned a level 7 spell: Orb of Destruction
 31023 | Snake:1  | Identified the +10 hand axe "Waegies" {holy, Will+ Dex+3}
 31024 | Snake:1  | Upgraded the game from 0.31-a0-702-gf82c85558f to
                  | 0.31-a0-704-g1016066182
 31785 | Snake:2  | Reached XP level 16. HP: 141/141 MP: 15/23
 31853 | Snake:2  | Noticed Asterion
 32042 | Snake:2  | Noticed an Executioner
 32298 | Snake:3  | Found a hide-covered altar of Uskayaw.
 32485 | Snake:3  | Found Coarph's Magic Scroll Shoppe.
 32721 | Snake:3  | Found Heeky's Jewellery Shoppe.
 32721 | Snake:3  | Found Idawnakk's Magic Scroll Shoppe.
 32724 | Snake:3  | Found Wiasmira's Magic Scroll Shoppe.
 32736 | Snake:3  | Bought 2 scrolls of fear for 104 gold pieces
 32736 | Snake:3  | Bought 2 scrolls of teleportation for 78 gold pieces
 32736 | Snake:3  | Bought a scroll of teleportation for 39 gold pieces
 32740 | Snake:3  | Bought a scroll of acquirement for 884 gold pieces
 32747 | Snake:3  | Acquired the +3 Elemental Staff {ele, rElec rF+ rC+ AC+3}
 32747 | Snake:3  | Found the +3 Elemental Staff {ele, rElec rF+ rC+ AC+3}
 32853 | Snake:3  | Found Luxteoq's Jewellery Shop.
 32989 | Snake:3  | Found Sajaloma's Armour Shop.
 32992 | Snake:3  | Found Juxuidah's Antique Weapon Shop.
 33257 | Snake:3  | Reached skill level 5 in Shields
 33574 | Snake:3  | Found Ywkeur's Antique Weapon Shop.
 33718 | Snake:4  | Entered Level 4 of the Snake Pit
 33718 | Snake:4  | Noticed Agnes
 33942 | Snake:4  | Reached skill level 15 in Fire Magic
 34152 | Snake:4  | Noticed Aizul
 34290 | Swamp:1  | Entered Level 1 of the Swamp
 35089 | Swamp:2  | Noticed a thorn hunter
 35091 | Swamp:2  | Killed a thorn hunter
 35750 | Swamp:3  | Offered knowledge of Starburst by Vehumet.
 35845 | Swamp:3  | Found a frozen archway.
 35859 | IceCv    | Entered an ice cave
 36109 | IceCv    | Gained mutation: Your touch may irresistibly damage your
                  | foes and sap their willpower. [demonic ancestry]
 36109 | IceCv    | Reached XP level 17. HP: 149/149 MP: 20/24
 36409 | IceCv    | Noticed an Ice Fiend
 36411 | IceCv    | Killed an Ice Fiend
 36578 | IceCv    | Reached ****** piety under Vehumet
 37028 | Swamp:3  | Offered knowledge of Leda's Unmaking by Vehumet.
 37612 | Swamp:4  | Entered Level 4 of the Swamp
 37738 | Swamp:4  | Reached skill level 15 in Conjurations
 37945 | Swamp:4  | Noticed the 27-headed Lernaean hydra
 37968 | Swamp:4  | Killed the 27-headed Lernaean hydra
 38362 | Swamp:4  | Noticed Donald
 38365 | Swamp:4  | Killed Donald
 39251 | Swamp:4  | Got a decaying rune of Zot
 39610 | Elf:1    | Offered knowledge of Spellforged Servitor by Vehumet.
 39676 | Elf:1    | Found Vacisuah's Antique Armour Shop.
 39838 | Elf:1    | Reached XP level 18. HP: 159/159 MP: 14/25
 40111 | Elf:1    | Found a runed translucent door.
 40199 | Elf:1    | Found a hide-covered altar of Uskayaw.
 40346 | Elf:2    | Paralysed by an air elemental for 1 turns
 40724 | Elf:2    | Found a runed translucent gate.
 40724 | Elf:2    | Found a runed translucent gate.
 40724 | Elf:2    | Found a runed translucent gate.
 41496 | Elf:2    | Reached skill level 10 in Shields
 41665 | Elf:3    | Entered Level 3 of the Elven Halls
 41694 | Elf:3    | Offered knowledge of Ignition by Vehumet.
 41751 | Elf:3    | Learned a level 8 spell: Ignition
 41987 | Elf:3    | Found a radiant altar of Vehumet.
 42125 | Elf:3    | Identified the amulet "Xaxkaoh" {Faith rF+}
 42187 | Elf:3    | Identified the +0 trident of Action {heavy, rElec rF+}
 42252 | Elf:3    | Gained mutation: Your magical and physical power is
                  | enhanced at high health. [demonic ancestry]
 42252 | Elf:3    | Reached XP level 19. HP: 167/167 MP: 11/31
 42352 | Elf:3    | Got Pelegacs's Opusculum on Feathery Conjuration
 42401 | Elf:3    | Reached skill level 10 in Spellcasting
 42419 | Elf:3    | Identified the +6 falchion "Wuihemn" {drain, rF++ rC+++
                  | Str-5 Dex+2}
 42423 | Elf:3    | Identified the ring "Xiph" {Str+4 Dex+6 SInv}
 42745 | Elf:3    | Identified the +0 pair of gloves "Naineecw" {Int+4}
 42938 | Elf:3    | Found Dagyuss's Self-Improvement Boutique.
 43576 | Snake:4  | Killed Agnes
 43659 | Snake:4  | Killed Aizul
 43814 | Snake:4  | Offered knowledge of Lehudib's Crystal Spear by Vehumet.
 43814 | Snake:4  | Offered knowledge of Fire Storm by Vehumet.
 43814 | Snake:4  | Offered knowledge of Chain Lightning by Vehumet.
 44530 | Snake:4  | Found Kunee's General Store.
 44567 | Snake:4  | Bought a scroll of teleportation for 36 gold pieces
 44567 | Snake:4  | Bought a scroll of enchant armour for 90 gold pieces
 45136 | Snake:4  | Got a serpentine rune of Zot
 45601 | Orc:2    | Killed Kiciri's ghost
 46424 | D:13     | Found a gate to the Vaults.
 46759 | D:14     | Noticed Kirke
 46764 | D:14     | Killed Kirke
 47224 | D:14     | Found a hazy altar of Hepliaklqana.
 47257 | D:15     | Entered Level 15 of the Dungeon
 47474 | D:15     | Found a basalt altar of Yredelemnul.
 47829 | D:15     | Gained mutation: You have an absolutely massive brain. (Int
                  | +6, Wiz) [demonic ancestry]
 47829 | D:15     | Reached XP level 20. HP: 174/174 MP: 34/38
 47850 | D:15     | Found a staircase to the Depths.
 47935 | D:15     | Learned a level 9 spell: Polar Vortex
 48029 | Depths:1 | Entered Level 1 of the Depths
 48119 | Depths:1 | Reached skill level 1 in Ice Magic
 48547 | Depths:1 | Reached skill level 5 in Ice Magic
 48914 | Depths:1 | Found a blossoming altar of Fedhas.
 49120 | Depths:1 | Found a gateway to Hell.
 49132 | Depths:1 | Found a one-way gate to the infinite horrors of the Abyss.
 49852 | Depths:2 | Noticed a golden dragon
 49860 | Depths:2 | Killed a golden dragon
 50123 | Depths:2 | Reached skill level 10 in Ice Magic
 50962 | Depths:3 | Found Gozag's Antique Armour Emporium.
 51247 | Depths:3 | Noticed a golden dragon
 51250 | Depths:3 | Killed a golden dragon
 51251 | Depths:3 | Reached XP level 21. HP: 181/181 MP: 14/39
 51409 | Depths:3 | Found Gozag's Antique Armour Shoppe.
 51420 | Depths:3 | Found an opulent altar of Gozag.
 51425 | Depths:3 | Found Gozag's Antique Weapon Shoppe.
 51439 | Depths:3 | Bought a warped robe for 570 gold pieces
 51439 | Depths:3 | Identified the +0 robe of Anogoph {*Corrode Regen+ Slay+6
                  | Stlth+} (You bought it in a shop on level 3 of the Depths)
 52562 | Depths:4 | Entered Level 4 of the Depths
 52710 | Depths:4 | Found a radiant altar of Vehumet.
 52847 | Depths:4 | Noticed Margery
 52851 | Depths:4 | Killed Margery
 53202 | Depths:4 | Noticed a golden dragon
 53207 | Depths:4 | Killed a golden dragon
 53280 | Depths:4 | Noticed a golden dragon
 53284 | Depths:4 | Killed a golden dragon
 53541 | Depths:4 | Found a gate to the Realm of Zot.
 53797 | Vaults:1 | Entered Level 1 of the Vaults
 53899 | Vaults:1 | Found Xiraa's Armour Shop.
 53932 | Vaults:1 | Reached skill level 15 in Ice Magic
 53981 | Vaults:1 | Found a magical portal.
 53986 | WizLab   | Entered Cigotuvi's Fleshworks
 54521 | WizLab   | Identified the amulet of Yhotzish {RegenMP *Slow rF+ SInv
                  | Stlth+}
 55048 | WizLab   | Got Cigotuvi's Precepts of Dark Variation
 56117 | Vaults:1 | Reached XP level 22. HP: 188/188 MP: 21/40
 56718 | Vaults:2 | Noticed Mara
 56725 | Vaults:2 | Noticed Essalna's illusion
 56726 | Vaults:2 | Killed Mara
 56923 | Vaults:2 | You fall into a shaft and drop 2 floors!
 56982 | Vaults:4 | Got the Exposition on the Welkin
 57549 | Vaults:3 | Found a staircase to the Crypt.
 58291 | Vaults:3 | Found Wapnol's Book Boutique.
 59054 | Vaults:2 | Found Urghiw Tihi's Book Shoppe.
 60097 | Vaults:4 | Found Huqulur's Jewellery Shoppe.
 60106 | Vaults:4 | Bought the amulet "Xisuraim" {RegenMP rF+} for 572 gold
                  | pieces
 60865 | Vaults:5 | Entered Level 5 of the Vaults
 60867 | Vaults:5 | Reached XP level 23. HP: 194/194 MP: 41/41
 60869 | Abyss:2  | Cast into level 2 of the Abyss (a deep elf demonologist)
 60922 | Abyss:2  | Found a corrupted altar of Lugonu.
 60941 | Abyss:2  | Found a corrupted altar of Lugonu.
 61127 | Vaults:5 | Escaped the Abyss
 61252 | Vaults:5 | Noticed Xtahua
 61255 | Vaults:5 | Killed Xtahua
 61500 | Vaults:5 | Identified the staff of Brawling {rPois rF+ rC+ Str+3
                  | Poison}
 61522 | Vaults:5 | Identified the ring of Wisonu Atae {Ice Stlth+}
 62284 | Vaults:5 | Identified the +7 plate armour of Baldness {rPois rF-
                  | Stlth+}
 62702 | Vaults:5 | Found Tucy's Distillery.
 62703 | Vaults:5 | Found Dizoneg's Jewellery Boutique.
 62867 | Vaults:5 | Got a silver rune of Zot
 62941 | Vaults:5 | Identified the ring "Qucsuoth" {rPois Int+3}
 63240 | Crypt:1  | Entered Level 1 of the Crypt
 63307 | Crypt:1  | Gained mutation: Your magical and physical power is greatly
                  | enhanced at high health. [demonic ancestry]
 63307 | Crypt:1  | Reached XP level 24. HP: 205/205 MP: 19/41
 64568 | Crypt:1  | Learned a level 9 spell: Fire Storm
 65340 | Crypt:2  | Found a basalt altar of Yredelemnul.
 65872 | Crypt:2  | Identified the ring "Naurphax" {Ice Fly rN+ Str+3 Stlth-}
 65921 | Crypt:3  | Entered Level 3 of the Crypt
 66622 | Crypt:3  | Found a staircase to the Tomb.
 66652 | Crypt:3  | Got Lehudib's Annotations on Petrified Fulmination
 67651 | Crypt:3  | Found an ancient bone altar of Kikubaaqudgha.
 67666 | Crypt:3  | Noticed a dread lich
 67669 | Crypt:3  | Killed a dread lich
 67758 | Crypt:3  | Identified the +0 spear "Xitituv" {heavy, Will++ Str-2}
 68573 | Slime:1  | Entered Level 1 of the Pits of Slime
 69497 | Slime:3  | Reached XP level 25. HP: 215/215 MP: 33/41
 70049 | Slime:5  | Entered Level 5 of the Pits of Slime
 70333 | Slime:5  | Found a viscous altar of Jiyva.
 71509 | Slime:5  | Noticed the Royal Jelly
 71513 | Slime:5  | Killed the Royal Jelly
 71724 | Slime:5  | Identified the +10 whip of the Crawling Thing {spect, Str-4
                  | Int+4 Dex+5 SInv}
 71760 | Slime:5  | Identified the amulet "Pegrerat" {Acrobat SInv}
 71761 | Slime:5  | Identified the +3 bardiche of Big Damage {chaos, Fly rPois
                  | rN+ Will+}
 71765 | Slime:5  | Identified the ring of Xom's Entertainment {Wiz rElec Will+
                  | rCorr}
 71795 | Slime:5  | Got Hirobit's Monograph on Bolts and Transmogrification
 71833 | Slime:5  | Identified the +5 shortbow "Utua" {heavy, rC- Dex+5}
 71858 | Slime:5  | Got a slimy rune of Zot
 72256 | Hell     | Entered the Vestibule of Hell
 72256 | Hell     | Noticed Geryon
 72260 | Hell     | Killed Geryon
 72505 | Hell     | Found a gateway to the ashen valley of Gehenna.
 72608 | Hell     | Found a gateway to the Iron City of Dis.
 72626 | Hell     | Found a gateway to the freezing wastes of Cocytus.
 72680 | Hell     | Found a gateway to the decaying netherworld of Tartarus.
 73900 | Depths:1 | Voluntarily entered the Abyss.
 73911 | Abyss:2  | Reached skill level 1 in Shapeshifting
 74519 | Abyss:2  | Reached skill level 5 in Shapeshifting
 74868 | Abyss:2  | Reached XP level 26. HP: 163/225 MP: 38/41
 74924 | Depths:1 | Escaped the Abyss
 75134 | Coc:1    | Entered Level 1 of Cocytus
 75547 | Coc:2    | Noticed an ancient lich
 75551 | Coc:2    | Killed an ancient lich
 75554 | Coc:2    | Reached skill level 10 in Shapeshifting
 76841 | Coc:5    | You fall into a shaft and drop 1 floor!
 77041 | Coc:6    | Noticed an ancient lich
 77046 | Coc:6    | Killed an ancient lich
 77287 | Coc:7    | Entered Level 7 of Cocytus
 77289 | Coc:7    | Reached skill level 15 in Shapeshifting
 77290 | Coc:7    | Gained mutation: You regenerate a lot of health from kills.
                  | [demonic ancestry]
 77290 | Coc:7    | Reached XP level 27. HP: 129/231 MP: 41/41
 77686 | Coc:7    | Noticed a dread lich
 77690 | Coc:7    | Killed a dread lich
 77801 | Coc:7    | Noticed Antaeus
 77823 | Coc:7    | Slain by Antaeus

Illustrated notes

Levels and vault maps discovered:
D:1:      co_arrival_random_square_maze, layout_loops_ring
D:2:      layout_basic, basic_altar, uniq_terence
D:3:      layout_loops_ring, marbit_many_paths,
          grunt_temple_overflow_order_and_chaos_2
D:4:      layout_basic, mainiacjoe_overflow_small_starburst,
          lemuel_mausoleum_altar_kikubaaqudgha, hellmonk_ghost_happy_afterlife,
          uniq_menkaure
D:5:      layout_loops_ring, minmay_temple_entry_waves, minivault_1
D:6:      layout_gridville, nicolae_ossuary_entry_giza, serial_shops, shop,
          wad_rectangle_vault
D:7:      layout_basic, minmay_misc_feat_columns
D:8:      layout_basic, mainiacjoe_overflow_chevrons,
          nicolae_overflow_crystal_walls, lemuel_round_altar,
          lemuel_round_altar, kennysheep_path_1, uniq_maurice
D:9:      layout_gridville, serial_demonic, serial_demonic_c, serial_demonic_d,
          serial_demonic_a, serial_demonic_c, hangedman_weighted_door
D:10:     cheibrodos_barr_body, layout_loops_cross, old_standard_altar,
          tso_metal_star, minitemple, dpeg_lair_monsters, orc_0_dummy
D:11:     layout_cave_pools, serial_shops, nicolae_shop_hallway_plus, shop,
          shop, shop
D:12:     minmay_the_grid_triangle_9x9_line_8_mashed
          [minmay_the_grid_triangle_9x9_flanged_cone,
          minmay_the_grid_triangle_9x9_odd_lines,
          minmay_the_grid_triangle_9x9_skeleton,
          minmay_the_grid_triangle_9x9_cache,
          minmay_the_grid_triangle_9x9_sparse_checkered,
          minmay_the_grid_triangle_9x9_zippers_vertical,
          minmay_the_grid_triangle_9x9_limited_checkers,
          minmay_the_grid_triangle_9x9_prize_center], layout_cross, st_stairs_2
D:13:     layout_basic, david_vaults_1, minmay_sticks_and_stones
D:14:     layout_long_grid, nicolae_hepliaklqana_hippocampus, uniq_kirke
D:15:     grunt_enter_depths_magical_seal, layout_long_grid,
          hangedman_decor_growths, yredelemnul_altar_generic
Temple:   hellmonk_temple_rainy
Lair:1:   layout_gridlike, grunt_megastairs_1, serial_bayou_shore_b,
          uniq_gastronok
Lair:2:   layout_loops_ring
Lair:3:   layout_roguey, nicolae_swamp_entry_splash_gauntlet,
          guppyfry_snake_entry_garden
Lair:4:   layout_roguey, slime_entry_1, chequers_serial_rivers_micro_b,
          grunt_megastairs_5
Lair:5:   minmay_lair_end_frog_pond, layout_loops_ring, columned_hall_lemuel,
          lemuel_fruit_tree, infiniplex_staircase_pool_2
Swamp:1:  layout_basic_swamp, evilmike_swamp_ruin_house_1, swamp_pool3,
          roderic_carrion_pond, infiniplex_staircase_pool
Swamp:2:  layout_falls_marsh, evilmike_swamp_ruin_rubble_2
Swamp:3:  layout_basic_swamp, portal_ice_cave_entry_ice_statue_two,
          evilmike_swamp_ruin_house_2, nicolae_swamp_spriggan_camp
Swamp:4:  swamp_old_school, layout_basic_swamp, uniq_donald
Snake:1:  layout_gridlike
Snake:2:  layout_honeycomb, grunt_megastairs_4, uniq_asterion
Snake:3:  layout_basic, serial_shops, shop_fountains, shop,
          nicolae_shop_pleasant_corner_grove, shop, minmay_shop_grid_forest,
          lemuel_altar_in_water2
Snake:4:  hellmonk_snake_rune_quicksilver_temple, layout_chambers, serial_shops,
          shop, grunt_megastairs_3, uniq_agnes, uniq_aizul
Slime:1:  layout_caves
Slime:2:  layout_caves
Slime:3:  cheibrodos_slime_lost_civilization_9, layout_caves
Slime:4:  layout_caves, cheibrodos_slime_lost_civilization_4
Slime:5:  slime_pit_nicolae_block_by_block
Orc:1:    layout_diamond_mine, serial_shops, nicolae_shop_statue_plus,
          minmay_orc_barracks
Orc:2:    st_orc_mages, layout_caves, gammafunk_ghost_grave
Elf:1:    nicolae_elf_arrival_aired_out, layout_rooms, serial_shops, shop,
          minivault_28, nicolae_danse_macabre
Elf:2:    nicolae_elf_blades_crystal_corner, layout_geoelf_octagon
Elf:3:    nooodl_elf_gasket, layout_rooms, basic_altar, nicolae_shop_self_help
Vaults:1: mu_enter_wizlab_2, nicolae_vaults_trapezoid_lopsided_1, v_misc_32,
          nicolae_vaults_twisting_passages,
          nicolae_vaults_taking_the_gang_shopping, grunt_vaults_trifunnel,
          nicolae_vaults_murder_corner, nicolae_vaults_border_crossing,
          vaults_room_pools, vaults_standard_mumra_lines,
          nicolae_vaults_tetromino_Z_1, nicolae_vaults_tetromino_T_2,
          layout_vaults_big_cross
Vaults:2: st_squares, nicolae_vaults_door_testing_chamber,
          nicolae_vaults_sightless_eye, nicolae_vaults_house_3,
          nicolae_vaults_little_squares_5, ontoclasm_vaults_tryst,
          nicolae_vaults_meiosis, nicolae_vaults_diamond_1,
          nicolae_vaults_tetromino_Z_1, v_pattern_1, layout_vaults_maze_bifur,
          serial_shops, shop, uniq_mara
Vaults:3: nicolae_vaults_theta, v_misc_31, nicolae_vaults_little_squares_6,
          nicolae_vaults_shock_wave, blue_anna_dwarven_crypt,
          nicolae_vaults_offset_grid_hallway_2, nicolae_vaults_little_squares_5,
          layout_vaults_quadrants, serial_shops,
          nicolae_shop_pleasant_corner_grove
Vaults:4: nicolae_vaults_little_squares_6, v_misc_30, nicolae_vaults_prndl,
          nicolae_vaults_diagonal_hallway_9, nicolae_vaults_two_Ls,
          hangedman_vaults_river_flow, vaults_dpeg_doors, v_misc_17,
          nicolae_vaults_circle_grid_b, vaults_room_fours,
          nicolae_vaults_tetromino_L_2, nicolae_vaults_weapon_check,
          vaults_dpeg_encased_lava, ontoclasm_vaults_pinch,
          layout_vaults_omnibox, serial_shops, shop
Vaults:5: uniq_xtahua
Crypt:1:  layout_catacombs
Crypt:2:  gammafunk_crypt_yreds_forest, layout_chaotic_city,
          lemuel_upstairs_altar
Crypt:3:  quadcrypt_mu
Depths:1: layout_honeycomb, hellmouth_3, hangedman_decor_lopped,
          abyss_entry_small_statue_room, fedhas_altar_2
Depths:2: hourglass_vault, layout_cave_shapes, enter_ziggurat_c,
          rand_demon_pan_entry_9, grunt_hell_entry_dis_old,
          nicolae_concentric_dashed_squares_mild, infiniplex_staircase_diamond
Depths:3: kennysheep_gozag_temple, layout_honeycomb, nicolae_two_hexagons,
          hangedman_abyss_entry_splay, pf_vacation_house_of_asmodeus,
          minmay_crystal_room
Depths:4: grunt_zot_entry_bicorn, layout_cave_pools, abyss_entry,
          grunt_metal_band, minmay_misc_feat_room, nicolae_vehumet_altar_sigil
Hell
Coc:1:    layout_ice_bergs
Coc:2:    nicolae_coc_three_more_mouths, layout_ice_bergs
Coc:3:    nicolae_hells_demon_pit, layout_ice_bergs
Coc:4:    layout_cocytus_water_paths
Coc:5:    layout_cocytus_water_paths
Coc:6:    layout_cocytus_delve, special_room [special_room_morgue]
Coc:7:    coc_grunt

Skill      XL: |  1  2  3  4  5  6  7  8  9 10 11 12 13 14 15 16 17 18 19 20 21 22 23 24 25 26 27 |
---------------+----------------------------------------------------------------------------------+-----
Spellcasting   | 3 4 5 8 14 | 14.4
Conjurations   | 5 6 7 8 9 10 12 13 14 15 16 17 18 19 | 19.6
Fighting       | 1 3 5 7 8 10 12 14 16 17 18 19 20 21 22 | 22.2
Hexes          | 1 4 |  4.0
Dodging        | 2 4 |  4.0
Armour         | 3 4 |  4.0
Fire Magic     | 1 4 7 10 11 13 14 15 16 17 18 19 | 19.7
Shields        | 1 4 7 9 10 | 10.1
Necromancy     | 4 6 8 |  8.0
Stealth        | 2 |  2.4
Ice Magic      | 11 16 20 21 22 | 22.0
Shapeshifting  | 7 15 17 | 17.1

Action                     |  1- 3 |  4- 6 |  7- 9 | 10-12 | 13-15 | 16-18 | 19-21 | 22-24 | 25-27 || total
---------------------------+-------+-------+-------+-------+-------+-------+-------+-------+-------++-------
  Melee: Dagger            |     7 |    11 |   147 |   117 |   222 |       |       |       |       ||   504
         Punch             |       |       |     1 |     1 |       |       |       |       |       ||     2
         Touch             |       |       |       |    17 |       |       |       |       |       ||    17
         Staff             |       |       |       |       |       |     4 |    10 |     3 |    23 ||    40
  Throw: Dart              |       |       |       |    16 |       |       |       |       |       ||    16
   Cast: Magic Dart        |    47 |    51 |   209 |   132 |    89 |     8 |       |       |       ||   536
         Searing Ray       |     2 |    19 |    42 |    74 |    75 |    13 |     2 |     3 |     2 ||   232
         Fulminant Prism   |       |       |     3 |    26 |    18 |       |       |       |       ||    47
         Fireball          |       |       |       |    65 |   355 |   410 |   490 |   574 |   399 ||  2293
         Sublimation of Bl |       |       |       |       |   136 |   131 |    88 |   101 |    90 ||   546
         Orb of Destructio |       |       |       |       |    11 |    58 |   117 |    61 |    37 ||   284
         Ignition          |       |       |       |       |       |       |    15 |    71 |    82 ||   168
         Polar Vortex      |       |       |       |       |       |       |       |     2 |     8 ||    10
         Fire Storm        |       |       |       |       |       |       |       |       |     7 ||     7
  Evoke: Wand              |       |       |       |     6 |     4 |     6 |       |       |       ||    16
    Use: Potion            |     1 |       |       |     1 |     1 |     3 |       |     2 |       ||     8
         Scroll            |       |       |    13 |     9 |       |    19 |     8 |     1 |     2 ||    52
   Stab: Sleeping          |       |     1 |       |       |       |       |       |       |       ||     1
 Armour: Robe              |     5 |    17 |   108 |    66 |       |       |       |       |       ||   196
         Troll leather arm |       |       |       |   127 |   315 |   140 |    75 |    95 |   117 ||   869
  Dodge: Dodged            |     6 |    27 |   163 |   226 |   334 |    81 |    36 |    53 |    68 ||   994
  Block: Other             |     2 |     9 |    45 |    84 |       |       |       |       |       ||   140
         Reflection        |     2 |       |     1 |     5 |    10 |     9 |    18 |    13 |     9 ||    67
         Buckler           |       |       |       |     4 |   288 |    52 |       |       |       ||   344
         Kite shield       |       |       |       |       |       |    39 |    49 |    63 |   105 ||   256

Table legend: (Time is in decaauts)
 A = Elapsed time spent in this place.
 B = Non-inter-level travel time spent in this place.
 C = Inter-level travel time spent in this place.
 D = Time resting spent in this place.
 E = Time spent auto-exploring this place.
 F = Levels seen in this place.
 G = Mean time per level.
                   A        B        C        D        E       F      G
               +--------+--------+--------+--------+--------+-----+--------+
         Total |  78434 |  72093 |   6341 |   3100 |  57487 |  64 | 1225.5 |
       Dungeon |  22606 |  20485 |   2121 |   1627 |  15694 |  15 | 1507.1 |
        Temple |      1 |      1 |      0 |      0 |      0 |   1 |    1.0 |
          Lair |   8344 |   7437 |    907 |    463 |   5769 |   5 | 1668.8 |
         Swamp |   4343 |   4116 |    227 |    101 |   3491 |   4 | 1085.8 |
     Snake Pit |   6264 |   5742 |    522 |    245 |   4757 |   4 | 1566.0 |
    Slime Pits |   3374 |   3107 |    267 |      0 |   2735 |   5 |  674.8 |
  Orcish Mines |   2460 |   2129 |    331 |    153 |   1533 |   2 | 1230.0 |
   Elven Halls |   4005 |   3622 |    383 |      0 |   2790 |   3 | 1335.0 |
        Vaults |   8221 |   7644 |    577 |    224 |   6534 |   5 | 1644.2 |
         Crypt |   4959 |   4865 |     94 |      0 |   4294 |   3 | 1653.0 |
        Depths |   6165 |   5448 |    717 |    150 |   4423 |   4 | 1541.2 |
          Hell |    979 |    863 |    116 |    120 |    599 |   1 |  979.0 |
       Cocytus |   2768 |   2693 |     75 |      0 |   2252 |   7 |  395.4 |
         Abyss |   1311 |   1311 |      0 |      0 |    586 |   2 |  655.5 |
       Ossuary |    481 |    481 |      0 |      0 |    371 |   1 |  481.0 |
      Ice Cave |   1012 |   1012 |      0 |      0 |    735 |   1 | 1012.0 |
        Wizlab |   1134 |   1134 |      0 |     17 |    922 |   1 | 1134.0 |
               +--------+--------+--------+--------+--------+-----+--------+

Top non-repeatable levels by time:
    D:11: 2410 daAuts
     D:8: 2263 daAuts
 Crypt:3: 2221 daAuts
  Lair:3: 2192 daAuts
    D:12: 2184 daAuts
    D:10: 2169 daAuts
 Snake:4: 2089 daAuts
     D:4: 2072 daAuts
  Lair:4: 1970 daAuts
  Lair:1: 1869 daAuts
Vaults:3: 1862 daAuts
 Snake:3: 1856 daAuts
Vaults:1: 1840 daAuts
Depths:3: 1823 daAuts
     D:7: 1747 daAuts
